 Dungeon Crawl Stone Soup version 0.18-a0-1109-gfc003ac (webtiles) character file.

1449 root the Ducker (level 8, -7/75 HPs)
             Began as a Troll Fighter on Jan 16, 2016.
             Was a Believer of Pakellas.
             Mangled by Pikel
             ... wielding a +2 whip of electrocution
              (8 damage)
             ... on level 6 of the Dungeon.
             The game lasted 00:20:33 (4137 turns).

root the Ducker (Troll Fighter)                     Turns: 4137, Time: 00:20:34

Health: -7/75      AC:  7    Str: 25    XL:     8   Next: 46%
Magic:  8/8        EV:  8    Int:  4    God:    Pakellas [**....]
Gold:   339        SH:  8    Dex: 11    Spells: 0 memorised, 7 levels left

rFire  . . .     SeeInvis .       - Unarmed
rCold  . . .     Gourm    +     a - +0 robe
rNeg   . . .     Faith    .     b - +0 shield
rPois  .         Spirit   .     (helmet restricted)
rElec  .         Dismiss  .     s - +1 cloak
rCorr  .         Reflect  .     (gloves unavailable)
SustAt .         Harm     .     (boots unavailable)
MR     .....                    (no amulet)
Stlth  +.........               (no ring)
                                (no ring)

@: heavily drained, not resistant to hostile enchantments, very unstealthy
A: unfitting armour, claws 3, fast metabolism 3, gourmand, regeneration 2,
shaggy fur 1, tough skin 2
a: Quick Charge, Renounce Religion


You were on level 6 of the Dungeon.
You worshipped Pakellas.
Pakellas was pleased with you.
You were very full.

You visited 2 branches of the dungeon, and saw 8 of its levels.

You collected 339 gold pieces.

Inventory:

Missiles
 q - 5 large rocks (quivered)
Armour
 a - a +0 robe (worn)
 b - a +0 shield (worn)
 s - a +1 cloak (worn)
Wands
 r - a wand of polymorph (13/24)
Scrolls
 e - 3 scrolls of magic mapping {unknown}
 f - 3 scrolls of recharging {unknown}
 h - 2 scrolls of remove curse {unknown}
 i - 2 scrolls of blinking {unknown}
 j - 2 scrolls of identify {unknown}
 k - a scroll of fog {unknown}
 n - 2 scrolls of random uselessness {unknown}
 u - a scroll of teleportation {unknown}
 w - 2 scrolls of enchant armour {unknown}
 y - a scroll of noise {unknown}
Potions
 c - a potion of might
 g - 5 potions of flight {unknown}
 m - a potion of poison {unknown}
 p - 2 potions of mutation {unknown}
 t - a potion of lignification {unknown}
 v - a potion of magic {unknown}
 x - a potion of heal wounds {unknown}
Comestibles
 d - 5 bread rations
 l - a slice of pizza
 o - 4 meat rations


   Skills:
 + Level 3.3(1.0) Fighting
 * Level 4.2(1.8) Throwing
 + Level 5.1(2.7) Dodging
 + Level 1.1(0.0) Stealth
 + Level 4.0(1.7) Shields
 + Level 4.5(2.1) Unarmed Combat
 * Level 2.3(0.1) Evocations


You had 7 spell levels left.
You didn't know any spells.

Dungeon Overview and Level Annotations

Branches:
Dungeon (7/15)             Temple (1/1) D:6

Altars:
Ashenzari
Cheibriados
Dithmenos
Elyvilon
Fedhas
Kikubaaqudgha
Nemelex Xobeh
Okawaru
Pakellas
Trog
Yredelemnul
Zin
The Shining One

Annotations:
D:6 Pikel


Innate Abilities, Weirdness & Mutations

You are too large for most types of armour.
You have claws for hands.
Your metabolism is lightning-fast.
You like to eat raw meat.
You heal very quickly.
You are covered in fur (AC +1).
You have very tough skin (AC +2).


Message History

The gnoll hits you with a spear!
* * * LOW HITPOINT WARNING * * *
Pikel checks his coin pouch and frowns.
Pikel barely misses you.
You closely miss Pikel.
Pikel is moderately wounded.
You block the gnoll's attack.
You closely miss Pikel.
Pikel is moderately wounded.
Pikel completely misses you. The gnoll hits you but does no damage.
You scratch Pikel.
Pikel is moderately wounded.
You block Pikel's attack. The gnoll barely misses you.
You scratch Pikel but do no damage.
Pikel is moderately wounded.
Pikel hits you with a whip of electrocution.
* * * LOW HITPOINT WARNING * * *
The gnoll barely misses you.
Pikel hits you with a whip of electrocution!
You die...

......##รท....##........##...##
......)......#####).#'#######
..................#.....#
......##..........#.....#
......##.....##...#.....#
......##.....##...'.....#
..................#(....#
................[.#..)..#
...............K@.#.....#
..##..###.[..#.g#.##...##
..##..##################
..#.....# ..#.....# ..#.....#
..##...## ..###### ...#


You could see Pikel and a gnoll.

Vanquished Creatures
  Sigmund (D:6)
  Menkaure (D:6)
  A sky beast (D:6)
  An ice beast (D:6)
  A slave (D:7)
  A wyvern skeleton (D:6)
  3 crimson imps
  A jelly (D:6)
  Crazy Yiuf (D:4)
  4 hounds
  2 orc priests (D:6)
  A giant frog skeleton (D:6)
  An iguana (D:5)
  3 worker ants
  Natasha (thrice) (D:3)
  3 orc wizards
  The ghost of root the Firebug, a weakling DrFE (D:3)
  Robin (D:2)
  3 gnolls
  14 adders
  An ooze (D:1)
  An adder zombie (D:6)
  4 worms
  6 giant geckos
  13 orcs
  4 giant cockroaches
  11 goblins
  15 hobgoblins
  10 kobolds
  4 quokkas
  2 ball pythons (D:3)
  6 bats
  A giant gecko skeleton (D:4)
  5 giant newts
  A quokka skeleton (D:6)
  7 rats
138 creatures vanquished.

Vanquished Creatures (others)
  An orc (D:7)
  A quokka (D:7)
2 creatures vanquished.

Grand Total: 140 creatures vanquished

Notes
Turn   | Place    | Note
--------------------------------------------------------------
     0 | D:1      | root the Troll Fighter began the quest for the Orb.
     0 | D:1      | Reached XP level 1. HP: 22/22 MP: 0/0
   225 | D:2      | Reached XP level 2. HP: 29/29 MP: 1/1
   306 | D:2      | Reached skill level 1 in Throwing
   360 | D:2      | Found an ancient bone altar of Kikubaaqudgha.
   525 | D:2      | Reached XP level 3. HP: 34/36 MP: 2/2
   678 | D:2      | Noticed Robin
   689 | D:2      | Killed Robin
   839 | D:2      | Reached XP level 4. HP: 41/44 MP: 3/3
   850 | D:2      | Reached skill level 3 in Dodging
   861 | D:2      | Found a glowing golden altar of the Shining One.
  1125 | D:3      | Noticed Natasha
  1130 | D:3      | Killed Natasha
  1195 | D:3      | Reached XP level 5. HP: 50/50 MP: 4/4
  1213 | D:3      | Noticed Natasha
  1218 | D:3      | Killed Natasha
  1289 | D:5      | Entered Level 5 of the Dungeon
  1457 | D:5      | Reached XP level 6. HP: 59/59 MP: 5/5
  1530 | D:5      | Found a shadowy altar of Dithmenos.
  1669 | D:6      | Found a staircase to the Ecumenical Temple.
  1694 | Temple   | Entered the Ecumenical Temple
  1740 | Temple   | Became a worshipper of Pakellas the Inventive
  1797 | D:6      | Noticed an ice beast
  1816 | D:6      | Killed an ice beast
  1883 | D:6      | Noticed Menkaure
  1899 | D:6      | Reached skill level 4 in Dodging
  1904 | D:6      | Reached skill level 1 in Evocations
  1904 | D:6      | Reached XP level 7. HP: 33/66 MP: 6/6
  1976 | D:6      | Killed Menkaure
  2078 | D:6      | Noticed Sigmund
  2120 | D:6      | Killed Sigmund
  2137 | D:6      | Found an iron altar of Okawaru.
  2154 | D:6      | Found a sparkling altar of Nemelex Xobeh.
  2231 | D:7      | Reached * piety under Pakellas
  2319 | D:4      | Noticed Crazy Yiuf
  2335 | D:4      | Killed Crazy Yiuf
  2335 | D:4      | Reached XP level 8. HP: 50/75 MP: 8/8
  2536 | D:4      | Found a shadowy altar of Dithmenos.
  3003 | D:3      | Noticed root's ghost (weakling DrFE)
  3014 | D:3      | Killed root's ghost
  3145 | D:3      | Noticed Natasha
  3151 | D:3      | Killed Natasha
  3151 | D:3      | Reached ** piety under Pakellas
  3151 | D:3      | Received a gift from Pakellas
  3809 | D:3      | Reached skill level 1 in Stealth
  3919 | D:7      | Noticed Pikel
  3928 | D:6      | Reached skill level 5 in Dodging
  4133 | D:6      | HP: 2/75 [gnoll/spear (9)]
  4137 | D:6      | Mangled by Pikel

Vault maps used:
D:1:      tarquinn_simple_flora_water_a, st_stairs_12, minmay_statues_item
D:2:      lemuel_coloured_pillars_altar, tso_metal_star, uniq_robin
D:3:      first_bread, saegor_snake_ambush, uniq_natasha
D:4:      lemuel_crystal_altar, uniq_crazy_yiuf_cottage
D:5:      grunt_dithmenos_smoke
D:6:      nemelex_xobeh_ov_fountains_minmay, okawaru_metal_pillars_1_2,
          temple_fountains, uniq_sigmund, uniq_menkaure
D:7:      xom_confusion_cloud, grunt_temple_overflow_open, uniq_pikel
Temple:   jpeg_temple_alley_garden_8

Action                   |  1- 3 |  4- 6 |  7- 9 || total
-------------------------+-------+-------+-------++-------
Melee: Unarmed           |   124 |   124 |   239 ||   487
 Stab: Sleeping          |     1 |       |     2 ||     3
  Eat: Chunk             |    13 |    10 |    20 ||    43
